 Dungeon Crawl Stone Soup version 0.31.0-32-g396128a36d (webtiles) character file.

Game seed: 13244762028626956758

2851 spaghetti the Skirmisher (level 9, -4/168 HPs)
             Began as a Naga Berserker on Mar 16, 2024.
             Was a Priest of Trog.
             Slain by a troll (12 damage)
             ... on level 7 of the Dungeon.
             The game lasted 00:08:33 (6982 turns).

spaghetti the Skirmisher (Naga Berserker)           Turns: 6982, Time: 00:08:34

Health: -4/168     AC: 24    Str: 20    XL:     9   Next: 74%
Magic:  9/9        EV:  1    Int:  8    God:    Trog [***...]
Gold:   346        SH:  0    Dex: 14    Spells: 8/8 levels left

rFire   . .          .
                       - Unarmed
rCold   . . .        (no shield)
rNeg    . . .        j - melded +2 ring mail {rF+}
rPois   +            (helmet currently unavailable)
rElec   .            (cloak currently unavailable)
rCorr   .            (gloves currently unavailable)
SInv    +            (no barding)
Will    +++..        (no amulet) Stlth
                     b - +5 ring of evasion
HPRegen 1.48/turn    r - +4 ring of slaying
MPRegen 0.11/turn

%: no passive effects
@: berserking, tree-form, strong-willed, regenerating, studying Ranged Weapons,
very quick
A: stationary, stasis, torment immunity, boosted hp, AC +3, large, see
invisible, (deformed body), (poison resistance), (slowness 2), spit poison 1,
(naga tail 1)
a: Spit Poison, Renounce Religion, Berserk, Trog's Hand


You were on level 7 of the Dungeon.
You worshipped Trog.
Trog was most pleased with you.
You were a tree.
You visited 1 branch of the dungeon, and saw 7 of its levels.

You collected 346 gold pieces.

Inventory:

Hand Weapons
 q - a +0 orcbow
Missiles
 m - a throwing net
Armour
 a - a +0 animal skin
 j - a +2 ring mail of fire resistance (melded)
Jewellery
 b - a +5 ring of evasion (left branch)
 r - a +4 ring of slaying (right branch)
Talismans
 i - a storm talisman
Wands
 k - a wand of iceblast (14)
 p - a wand of digging (5)
Scrolls
 c - 2 scrolls of blinking
 e - 2 scrolls of teleportation
 f - a scroll of poison
 l - 2 scrolls of fog
 n - a scroll of identify
 s - a scroll of enchant weapon {unknown}
Potions
 d - a potion of lignification
 g - a potion of ambrosia
 h - a potion of attraction
 o - a potion of heal wounds


   Skills:
 - Level 3.0 Fighting
 + Level 11.4 Ranged Weapons
 - Level 1.5 Armour
 + Level 7.9 Dodging
 - Level 4.2 Unarmed Combat


You had 8 spell levels left.
You didn't know any spells.
Your spell library was empty.

Dungeon Overview and Level Annotations

Branches:
Dungeon (7/15)             Temple (0/1) D:6

Altars:
Dithmenos
Gozag
Kikubaaqudgha
Nemelex Xobeh
Qazlal
Wu Jian
Zin

Shops:
D:6 ?

Annotations:
D:5 3 runed translucent doors, flammie80's ghost, novice FoMo; spaghetti's ghost, amateur TeCK; tymior's ghost, novice DrDe


Innate Abilities, Weirdness & Mutations

You are a tree.
Your roots penetrate the ground, keeping you stationary.
You cannot be teleported.
You are immune to unholy pain and torment.
Your maximum health is greatly increased.
Your equipment is partially melded.
((Your serpentine skin is tough. (AC +3)))
You have supernaturally acute eyesight. (SInv)
((Armour fits poorly on your strangely shaped body.))
((Your system is resistant to poisons. (rPois)))
((You cover ground very slowly.))
You can spit poison.
((You have a snake-like lower body.))


Message History

The troll is heavily wounded.
The troll barely misses you. The troll claws you. The troll barely misses you.
You shoot an arrow. The arrow hits the troll.
The troll is heavily wounded.
The troll bites you! The troll closely misses you. x2
Your skin crawls.
You feel strong-willed. The troll misses you. The troll completely misses you.
The troll claws you!
You shoot an arrow. The arrow closely misses the troll.
The troll bites you!
* * * LOW HITPOINT WARNING * * *
The troll misses you. The troll barely misses you.
Okay, then.
Okay, then.
You turn into a tree.
Your +2 ring mail of fire resistance melds into your body.
You feel less resistant to fire.
Your roots penetrate the ground.
The troll bites you but does no damage. The troll claws you!
* * * LOW HITPOINT WARNING * * *
The troll claws you but does no damage.
You shoot an arrow. The arrow barely misses the troll.
The troll bites you but does no damage. The troll claws you but does no damage.
The troll claws you.
* * * LOW HITPOINT WARNING * * *
You shoot an arrow. The arrow barely misses the troll.
The troll bites you but does no damage.
The troll claws you but does no damage. x2
You are now empty-handed.
The troll bites you!
* * * LOW HITPOINT WARNING * * *
The troll claws you but does no damage. x2
A red film seems to cover your vision as you go berserk!
You feel yourself moving faster!
You feel mighty! The troll bites you.
* * * LOW HITPOINT WARNING * * *
The troll claws you.
* * * LOW HITPOINT WARNING * * *
The troll claws you but does no damage.
You hit the troll.
The troll is heavily wounded.
You closely miss the troll.
The troll is heavily wounded.
The troll bites you!
You die...

.........##.#.###...###.######
...#.<..÷.##)..#.... #.#
........)........##. ..#
.................### ..
.............###.... .
..........#..# ####
.........##..# .
........>....#######$...
...............T♣).)....
..........##############
........### .........#
.........# .........#
.........# .........#
.......%##


You could see a troll.

Vanquished Creatures
  A steam dragon (D:7)
  3 water moccasins
  An orc warrior (D:6)
  2 ogres
  4 black bears
  2 ice beasts
  A centaur (D:7)
  A phantom (D:4)
  A bullfrog (D:6)
  4 scorpions
  7 wights (D:7)
  2 howler monkeys (D:6)
  5 jellies
  2 orc priests (D:6)
  2 hounds
  5 iguanas
  An orc wizard (D:6)
  Ijyb (D:4)
  3 gnolls (D:4)
  13 adders
  A shadow imp (D:5)
  2 ufetubi (D:5)
  3 dart slugs
  4 ribbon worms
  17 orcs
  4 bats
  7 endoplasms
  3 giant cockroaches
  7 goblins
  10 hobgoblins
  4 kobolds
  3 quokkas
  18 ball pythons
  2 frilled lizards (D:1)
  2 rats (D:2)
148 creatures vanquished.

Notes
Turn   | Place    | Note
-------+----------+-------------------------------------------
     0 | D:1      | spaghetti the Naga Berserker began the quest for the Orb.
     0 | D:1      | Reached XP level 1. HP: 21/21 MP: 1/1
   120 | D:1      | Found a faded altar of an unknown god.
   133 | D:1      | Reached XP level 2. HP: 27/28 MP: 2/2
   661 | D:2      | Reached XP level 3. HP: 29/34 MP: 3/3
   856 | D:2      | Reached ** piety under Trog
  1112 | D:2      | Identified a scroll of acquirement
  1113 | D:2      | Acquired a manual of Ranged Weapons
  1133 | D:3      | Reached XP level 4. HP: 42/42 MP: 4/4
  1180 | D:3      | Reached skill level 1 in Ranged Weapons
  1274 | D:3      | Found a shadowy altar of Dithmenos.
  1730 | D:3      | Reached skill level 2 in Ranged Weapons
  1769 | D:3      | Reached XP level 5. HP: 44/49 MP: 5/5
  2012 | D:3      | Found an ancient bone altar of Kikubaaqudgha.
  2041 | D:3      | Found a sparkling altar of Nemelex Xobeh.
  2106 | D:4      | Reached skill level 3 in Ranged Weapons
  2463 | D:4      | Reached XP level 6. HP: 56/56 MP: 6/6
  2475 | D:4      | Reached skill level 4 in Ranged Weapons
  2663 | D:4      | Noticed Ijyb
  2672 | D:4      | Killed Ijyb
  2891 | D:4      | Reached skill level 5 in Ranged Weapons
  2891 | D:4      | Reached XP level 7. HP: 58/62 MP: 7/7
  3165 | D:5      | Entered Level 5 of the Dungeon
  3242 | D:5      | Found a stormy altar of Qazlal.
  3271 | D:5      | Reached skill level 6 in Ranged Weapons
  3581 | D:5      | Found a runed translucent gate.
  3581 | D:5      | Found a runed translucent gate.
  3582 | D:5      | Found a runed translucent gate.
  3582 | D:5      | Noticed flammie80's ghost (novice FoMo)
  3582 | D:5      | Noticed tymior's ghost (novice DrDe)
  3582 | D:5      | Noticed spaghetti's ghost (amateur TeCK)
  3615 | D:5      | Found an opulent altar of Gozag.
  3717 | D:5      | Reached skill level 7 in Ranged Weapons
  3717 | D:5      | Reached skill level 5 in Dodging
  3717 | D:5      | Reached XP level 8. HP: 24/69 MP: 8/8
  4193 | D:5      | Found a glowing silver altar of Zin.
  4499 | D:5      | Found an ornate altar of the Wu Jian Council.
  4697 | D:6      | Found a staircase to the Ecumenical Temple.
  4743 | D:6      | Reached skill level 8 in Ranged Weapons
  4996 | D:6      | Reached skill level 9 in Ranged Weapons
  5132 | D:6      | Found Uskaunimm's Magic Scroll Boutique.
  5570 | D:6      | Reached XP level 9. HP: 71/75 MP: 9/9
  5740 | D:6      | Reached skill level 10 in Ranged Weapons
  5766 | D:6      | HP: 3/75 [orc priest/divine providence (11)]
  5767 | D:6      | HP: 1/75 [orc priest/+0 club (3)]
  6610 | D:7      | Reached *** piety under Trog
  6731 | D:7      | Reached skill level 11 in Ranged Weapons
  6964 | D:7      | Noticed a troll
  6980 | D:7      | HP: 6/168 [troll (4)]
  6982 | D:7      | Slain by a troll

Illustrated notes

Levels and vault maps discovered:
D:1:      dpeg_arrival_windows_large_door, layout_loops_ring,
          ebering_ecumenical_altar_rust
D:2:      layout_rooms
D:3:      layout_rooms, mainiacjoe_overflow_paths,
          mainiacjoe_overflow_two_lobes, minmay_snake_closets
D:4:      layout_loops_ring, uniq_ijyb
D:5:      layout_loops_corners, mainiacjoe_overflow_cross_hatched,
          nicolae_wu_jian_immortal_techniques, grunt_gozag_statues,
          zin_scriptorium, gammafunk_ghost_cemetery, dreamdust_mushroom_princess
D:6:      layout_gridville, temple_fountains, serial_shops, shop,
          serial_library_hellmonk_semicircle
D:7:      minmay_inner_zag, layout_rooms, grunt_decor_fettered

Skill      XL: |  1  2  3  4  5  6  7  8  9 |
---------------+----------------------------+-----
Dodging        | 2 3 4 5 6 7 |  7.9
Unarmed Combat | 4 |  4.2
Ranged Weapons | 2 3 5 7 9 11 | 11.4
Fighting       | |  3.0
Armour         | |  1.5

Action                     |  1- 3 |  4- 6 |  7- 9 || total
---------------------------+-------+-------+-------++-------
  Melee: Unarmed           |    76 |   216 |   387 ||   679
         Punch             |     3 |     8 |    29 ||    40
   Fire: Orcbow            |       |       |    25 ||    25
 Invoke: Berserk           |       |     4 |     8 ||    12
         Trog's Hand       |       |     2 |     4 ||     6
Ability: Spit Poison       |     8 |     2 |    12 ||    22
    Use: Scroll            |     5 |     2 |     2 ||     9
         Potion            |     1 |     5 |     3 ||     9
   Stab: Sleeping          |       |     4 |       ||     4
 Armour: Animal skin       |    52 |    82 |       ||   134
         Skin              |       |    20 |    47 ||    67
         Ring mail         |       |    30 |   256 ||   286
  Dodge: Dodged            |    37 |   107 |   355 ||   499
